 Dungeon Crawl Stone Soup version 0.29-a0-577-gafbf2c5d25 (webtiles) character file.

Game seed: 17866436852556519911

2380 DocClef the Fighter (level 9, 0/83 HPs)
             Began as a Black Draconian Delver on June 13, 2022.
             Was an Initiate of Hepliaklqana.
             Killed from afar by an electric eel (4 damage)
             ... with a bolt of electricity
             ... in a bailey.
             The game lasted 00:08:29 (6474 turns).

DocClef the Fighter (Black Draconian Delver)        Turns: 6474, Time: 00:08:29

Health: 0/83       AC:  3    Str: 18    XL:     9   Next: 22%
Magic:  9/9        EV: 16    Int: 10    God:    Hepliaklqana [......]
Gold:   359        SH:  0    Dex: 20    Spells: 8/8 levels left

rFire   . . .      SeeInvis .   h - +5 mace of the Hero {freeze, rPois rC+}
rCold   + . .      Faith    .   (no shield)
rNeg    . . .      Spirit   .   (body armour unavailable)
rPois   +          Reflect  .   (helmet restricted)
rElec   +          Harm     .   t - +2 cloak {rPois}
rCorr   .          Rampage  .   (no gloves)
Will    .....                   m - +0 pair of boots
Stlth   ++++......              (no amulet)
HPRegen 0.23/turn               n - +4 ring of slaying
MPRegen 0.11/turn               F - +6 ring of dexterity

@: mighty, brilliant, short of breath, corroded
A: breathe lightning, AC +7, unfitting armour, electricity resistance,
cold-blooded
a: Breathe Lightning, Renounce Religion


You were in a bailey.
You worshipped Hepliaklqana.
Hepliaklqana was noncommittal.
You visited 2 branches of the dungeon, and saw 8 of its levels.
You also visited: Bailey.

You collected 359 gold pieces.

Inventory:

Hand Weapons
 a - a +2 short sword of freezing
 h - the +5 mace of the Hero (weapon) {freeze, rPois rC+}
   (You found it on level 3 of the Dungeon)

   It freezes those it strikes, dealing additional cold damage.
   It can also slow down cold-blooded creatures.
   rC:        It protects you from cold.
   rPois:     It protects you from poison.
 o - a +2 vorpal quarterstaff
Armour
 m - a +0 pair of boots (worn)
 t - a +2 cloak of poison resistance (worn)
Jewellery
 n - a +4 ring of slaying (left hand)
 u - a ring of poison resistance
 y - a +6 ring of intelligence
 C - an amulet of faith
 F - a +6 ring of dexterity (right hand)
Wands
 f - a wand of digging (3)
 g - a wand of iceblast (15)
 s - a wand of acid (12)
 A - a wand of polymorph (10)
Scrolls
 b - a scroll of fog
 c - 2 scrolls of magic mapping
 d - 4 scrolls of fear
 j - a scroll of torment
 k - 3 scrolls of teleportation
 l - 4 scrolls of identify
 q - 2 scrolls of blinking
 w - 4 scrolls of amnesia
Potions
 e - 3 potions of haste
 i - 2 potions of lignification
 p - a potion of magic
 r - 4 potions of curing
 v - a potion of degeneration
 B - 2 potions of berserk rage {unknown}
 E - a potion of resistance


   Skills:
 + Level 9.3 Fighting
 - Level 3.3 Short Blades
 - Level 6.1 Dodging
 - Level 8.0 Stealth


You had 8 spell levels left.
You didn't know any spells.
Your spell library contained the following spells:

 Spells                   Type           Power      Damage    Failure   Level
 Sting                    Tmut/Pois      0%         1d3       36%         1
 Summon Small Mammal      Summ           0%         N/A       36%         1
 Ensorcelled Hibernation  Hex/Ice        0%         N/A       50%         2
 Passwall                 Tmut/Erth      0%         N/A       50%         2
 Poisonous Vapours        Pois/Air       0%         N/A       50%         2
 Scorch                   Fire           0%         2d5       50%         2
 Call Canine Familiar     Summ           0%         N/A       75%         3
 Gell's Gravitas          Tloc           0%         N/A       75%         3
 Summon Guardian Golem    Hex/Summ       0%         N/A       75%         3
 Swiftness                Air            0%         N/A       75%         3
 Teleport Other           Tloc           0%         N/A       75%         3
 Flame Wave               Conj/Fire      0%         2d4       98%         4
 Olgreb's Toxic Radiance  Pois           0%         N/A       98%         4
 Dispersal                Tloc           0%         N/A       100%        6
 Summon Cactus Giant      Summ           0%         N/A       100%        6


Dungeon Overview and Level Annotations

Branches:
Dungeon (7/15)             Temple (1/1) D:7          Bailey (1/1)

Altars:
Ashenzari
Cheibriados
Dithmenos
Gozag
Hepliaklqana
Makhleb
Nemelex Xobeh
Okawaru
Sif Muna
Trog
Uskayaw
Vehumet
Wu Jian
Yredelemnul
Zin


Innate Abilities, Weirdness & Mutations

You can breathe wild blasts of lightning.
Your glossy black scales are hard. (AC +7)
You cannot fit into any form of body armour.
You are resistant to electric shocks. (rElec)
You are cold-blooded and may be slowed by cold attacks.


Message History

The bolt of electricity hits you. You resist.
* * * LOW HITPOINT WARNING * * *
The bolt of electricity hits you. You resist.
* * * LOW HITPOINT WARNING * * *
The bolt of electricity hits the electric eel.
The electric eel completely resists.
The orc warrior misses you.
The electric eel shoots out a bolt of lightning at you!
The bolt of electricity hits you. You resist.
* * * LOW HITPOINT WARNING * * *
The bolt of electricity hits you. You resist.
* * * LOW HITPOINT WARNING * * *
The bolt of electricity hits the electric eel.
The electric eel completely resists.
It was a potion of might.
You feel very mighty all of a sudden.
You have got your breath back.
The orc warrior closely misses you.
It was a potion of brilliance.
You feel clever all of a sudden. The orc warrior misses you.
Activating: Breathe Lightning (4% risk of failure)
Press: ? - help, Dir - look around, f - activate You breathe a wild blast of lightning!
You hear a mighty clap of thunder! x2
The bolt of lightning misses you.
The bolt of lightning misses the electric eel.
The orb of electricity explodes!
The orb of electricity engulfs the orc warrior!
The orc warrior is almost dead.
The orb of electricity engulfs you. You resist.
* * * LOW HITPOINT WARNING * * *
The orb of electricity engulfs the electric eel.
The electric eel completely resists.
You hear a shout! x5
The orc warrior misses you.
The electric eel shoots out a bolt of lightning at you!
The bolt of electricity hits you. You resist.
* * * LOW HITPOINT WARNING * * *
The bolt of electricity hits you. You resist.
You die...

+..#.# ≈≈≈≈#
#############..#'#≈≈≈≈≈#
......#)....'...)#≈≈≈≈≈#
8)8.8.')....#....#≈≈≈≈≈#
..##############.#≈≈≈≈≈#
..# +..#.≈≈≈≈≈≈# ..#
#..#.≈≈≈≈≈≈# ###
#..#.≈≈≈≈≈≈# .#
####@S≈≈≈≈≈# .#
#o≈≈≈≈≈≈# .# .∩≈≈≈≈≈≈#
.# .#.≈≈≈≈≈≈# .#
###.≈≈≈≈≈≈# ## #.≈≈≈≈≈≈#
#.≈≈≈≈≈≈# #.≈≈≈≈≈≈#


You could see an orc warrior and an electric eel.

Vanquished Creatures
  A kobold demonologist (Bailey)
  A hornet (D:3)
  A wyvern (D:4)
  An orc warrior (Bailey)
  4 sky beasts
  A black bear (D:5)
  A kobold brigand (D:6)
  A bullfrog (D:7)
  4 scorpions
  2 necrophages (D:6)
  An electric eel (Bailey)
  A howler monkey (D:6)
  5 hounds
  A jelly (D:4)
  Crazy Yiuf (D:3)
  3 orc priests (D:6)
  4 orc wizards
  Ijyb (D:3)
  2 iguanas
  8 gnolls
  3 adders
  13 orcs
  7 endoplasms
  2 giant cockroaches
  4 hobgoblins
  3 jackals (D:3)
  7 kobolds
  5 quokkas
  6 ball pythons
  12 bats
  7 frilled lizards
  8 goblins
  5 rats
126 creatures vanquished.

Vanquished Creatures (others)
  An orc (D:4)
1 creature vanquished.

Grand Total: 127 creatures vanquished

Notes
Turn   | Place    | Note
-------+----------+-------------------------------------------
     0 | D:5      | DocClef the Draconian Delver began the quest for the Orb.
     0 | D:5      | Reached XP level 1. HP: 19/19 MP: 1/1
    46 | D:5      | Reached XP level 2. HP: 3/26 MP: 2/2
   351 | D:5      | Reached XP level 3. HP: 10/33 MP: 3/3
   718 | D:5      | Found a glowing silver altar of Zin.
   801 | D:5      | Found a shimmering blue altar of Sif Muna.
   801 | D:5      | Noticed a black bear
   870 | D:4      | Noticed a wyvern
   895 | D:4      | Noticed a sky beast
   939 | D:5      | Reached skill level 5 in Stealth
   939 | D:5      | Reached XP level 4. HP: 40/40 MP: 4/4
   990 | D:4      | Killed a sky beast
   991 | D:4      | Reached skill level 4 in Fighting
   991 | D:4      | Reached XP level 5. HP: 23/46 MP: 5/5
  1258 | D:4      | Noticed a hornet
  1400 | D:3      | Found an opulent altar of Gozag.
  1442 | D:3      | Noticed Ijyb
  1448 | D:3      | Killed Ijyb
  1627 | D:3      | Found a runed translucent door.
  1628 | D:3      | Noticed Crazy Yiuf
  1772 | D:3      | Found a faded altar of an unknown god.
  1775 | D:3      | Found a basalt altar of Yredelemnul.
  2291 | D:2      | Found a faded altar of an unknown god.
  3097 | D:3      | Killed a hornet
  3098 | D:3      | Reached skill level 5 in Fighting
  3098 | D:3      | Reached XP level 6. HP: 10/56 MP: 6/6
  3377 | D:3      | Killed Crazy Yiuf
  3382 | D:3      | Identified the +5 mace of the Hero {freeze, rPois rC+}
  3422 | D:4      | Your scales start taking on a glossy black colour.
  3422 | D:4      | Reached XP level 7. HP: 49/61 MP: 7/7
  3422 | D:4      | Gained mutation: You are resistant to electric shocks.
                  | (rElec) [Black Draconian growth]
  3619 | D:4      | Killed a wyvern
  3620 | D:4      | Reached skill level 6 in Fighting
  3950 | D:4      | Found a burning altar of Makhleb.
  3950 | D:4      | Noticed a balrug
  4401 | D:5      | Reached XP level 8. HP: 36/71 MP: 8/8
  4833 | D:5      | Reached skill level 5 in Dodging
  5149 | D:6      | Reached skill level 7 in Fighting
  5567 | D:6      | Found a snail-covered altar of Cheibriados.
  5913 | D:7      | Found an ornate altar of the Wu Jian Council.
  5943 | D:7      | Found a staircase to the Ecumenical Temple.
  5955 | Temple   | Entered the Ecumenical Temple
  6084 | Temple   | Became a worshipper of Hepliaklqana the Forgotten
  6153 | D:7      | Found a flagged portal.
  6159 | D:7      | Reached skill level 8 in Fighting
  6166 | Bailey   | Entered a bailey
  6176 | Bailey   | Reached XP level 9. HP: 77/81 MP: 9/9
  6455 | Bailey   | Noticed a kobold demonologist
  6460 | Bailey   | Noticed a rust devil
  6469 | Bailey   | Killed a kobold demonologist
  6470 | Bailey   | Reached skill level 9 in Fighting
  6474 | Bailey   | HP: 4/83 [electric eel/bolt of electricity (4)]
  6474 | Bailey   | Killed from afar by an electric eel

Illustrated notes

Levels and vault maps discovered:
D:1:      elethiomel_arrival_quiet, layout_basic
D:2:      layout_basic, dreamdust_ecumenical_altar_hidden_monk_grotto,
          lemuel_old_faithful
D:3:      layout_rooms, nicolae_overflow_ecumenical_swirl,
          nicolae_gozag_seed_capital, uniq_ijyb, uniq_crazy_yiuf_cottage
D:4:      layout_cave_pools, makhleb_altar_promises_db,
          kennysheep_generic_room_3
D:5:      wad_river_or_something, layout_loops_ring,
          mainiacjoe_overflow_catch_the_wave, corexii_hall_statues_x
D:6:      layout_loops_ring, kennysheep_mini_moat, minmay_misc_feat_chi
D:7:      minmay_chambers_of_sixes, layout_gridville, lemuel_tele_altar,
          xom_teletrap_fun, minmay_temple_entry_glassed_door, enter_bailey_6
Temple:   minmay_temple_curvy_loop
Bailey:   bailey_axe_of_yendor_kennysheep, bailey

Skill      XL: |  1  2  3  4  5  6  7  8  9 |
---------------+----------------------------+-----
Dodging        | 2 3 4 6 |  6.1
Stealth        | 5 6 8 |  8.0
Fighting       | 4 5 6 8 9 |  9.3
Short Blades   | 3 |  3.3

Action                   |  1- 3 |  4- 6 |  7- 9 || total
-------------------------+-------+-------+-------++-------
Melee: Short sword       |    31 |       |       ||    31
       Tailslap          |     3 |     7 |    28 ||    38
       Quarterstaff      |       |   100 |       ||   100
       Mace              |       |     5 |   180 ||   185
       Punch             |       |       |     1 ||     1
 Abil: Breathe Lightning |       |       |     3 ||     3
  Use: Potion            |       |     2 |     2 ||     4
       Scroll            |       |     1 |    12 ||    13
 Stab: Sleeping          |     1 |    11 |    11 ||    23
       Distracted        |       |       |     1 ||     1
Armor: Skin              |     6 |    50 |    73 ||   129
Dodge: Dodged            |    16 |    80 |   185 ||   281

Table legend: (Time is in decaauts)
 A = Elapsed time spent in this place.
 B = Non-inter-level travel time spent in this place.
 C = Inter-level travel time spent in this place.
 D = Time resting spent in this place.
 E = Time spent auto-exploring this place.
 F = Levels seen in this place.
 G = Mean time per level.
                   A        B        C        D        E       F      G
               +--------+--------+--------+--------+--------+-----+--------+
         Total |   6583 |   6344 |    239 |    976 |   4138 |   9 |  731.4 |
       Dungeon |   6074 |   5890 |    184 |    795 |   3995 |   7 |  867.7 |
        Temple |    185 |    130 |     55 |      0 |     95 |   1 |  185.0 |
        Bailey |    322 |    322 |      0 |    181 |     48 |   1 |  322.0 |
               +--------+--------+--------+--------+--------+-----+--------+

Top non-repeatable levels by time:
     D:5: 1576 daAuts
     D:4: 1344 daAuts
     D:3: 1042 daAuts
     D:6: 883 daAuts
     D:1: 652 daAuts
     D:2: 484 daAuts
  Bailey: 322 daAuts
  Temple: 185 daAuts
     D:7: 91 daAuts
